 Seeded DCSS version 0.30-a0-1075-gcd70e7a56d (webtiles) character file.

Game seed: 13092252247883025746 (custom seed)

18519 Pimp the Cleaver (level 12, -6/112 HPs)
             Began as a Hill Orc Fighter on Apr 14, 2023.
             Was a High Priest of Beogh.
             Mangled by a manticore (8 damage)
             ... summoned by Kirke
             ... on level 12 of the Dungeon.
             The game lasted 00:27:52 (13614 turns).

Pimp the Cleaver (Hill Orc Fighter)                Turns: 13614, Time: 00:27:54

Health: -6/112     AC:  0    Str: 22    XL:     12   Next: 59%
Magic:  27/27      EV: 13    Int: 10    God:    Beogh [*****.]
Gold:   2523       SH:  0    Dex: 10    Spells: 23/23 levels left

rFire   . . .      SeeInvis .    D - melded +2 war axe (freeze)
rCold   . . .      Faith    +    q - melded +0 kite shield
rNeg    . . .      Spirit   .    E - melded +0 plate armour
rPois   .          Reflect  .    o - melded +2 helmet
rElec   .          Rampage  .    K - melded +0 cloak
rCorr   .                        B - melded +0 pair of gloves
Will    +....                    (boots currently unavailable) Stlth
                                 A
                                   - Hermit's Pendant {Faith Invo=14 Evo=0 MP+5}
HPRegen 0.38/turn                w - melded ring "Zionyinu" {rN+ Str+6}
MPRegen 0.20/turn                x - melded ring of poison resistance

@: pig-form, silenced, very quick
A: fast, no casting, walk on water, small, (cold resistance 1), (fire resistance
1), strong-willed 1, screaming 1
a: Renounce Religion


You were on level 12 of the Dungeon.
You worshipped Beogh.
Beogh was extremely pleased with you.
You were a filthy swine.
You visited 1 branch of the dungeon, and saw 12 of its levels.

You collected 2523 gold pieces.

Inventory:

Hand Weapons
 a - a +1 war axe
 D - a +2 war axe of freezing (melded)
Armour
 i - the +15 Maxwell's patent armour {-Cast -Tele rElec Will+ rCorr}
   (You found it on level 10 of the Dungeon)

   rElec:     It insulates you from electricity.
   -Cast:     It prevents spellcasting.
   -Tele:     It prevents most forms of teleportation.
   rCorr:     It protects you from acid and corrosion.
   Will:      It increases your willpower.
 o - a +2 helmet (melded)
 q - a +0 kite shield (melded)
 B - a +0 pair of gloves (melded)
 E - a +0 plate armour (melded)
 K - a +0 cloak (melded)
Jewellery
 b - a ring of ice
 g - a +6 ring of strength
 w - the ring "Zionyinu" (melded) {rN+ Str+6}
   (You found it on level 4 of the Dungeon)

   [ring of strength]

   Str:       It affects your strength (+6).
   rN:        It protects you from negative energy.
 x - a ring of poison resistance (melded)
 A - the Hermit's Pendant (around neck) {Faith Invo=14 Evo=0 MP+5}
   (You found it on level 7 of the Dungeon)

   [amulet of faith]

   Invo=14: It sets your Invocations skill to 14.
   Evo=0: It sets your Evocations skill to 0.
   It allows you to gain divine favour quickly.
   MP:        It affects your magic capacity (+5).
 I - a ring of protection from fire
Wands
 c - a wand of polymorph (4)
 y - a wand of flame (35)
 G - a wand of digging (2)
 L - a wand of mindburst (10)
Scrolls
 h - 2 scrolls of fog
 k - 3 scrolls of teleportation
 l - a scroll of immolation
 p - 3 scrolls of vulnerability
 v - a scroll of fear
Potions
 d - 3 potions of flight
 f - a potion of attraction
 j - 2 potions of cancellation
 m - a potion of haste
 n - 7 potions of curing
 s - 6 potions of degeneration
 t - 4 potions of resistance
 C - 3 potions of ambrosia
 F - a potion of magic {unknown}
 H - a potion of invisibility {unknown}
 J - a potion of lignification


   Skills:
 + Level 11.8 Fighting
 + Level 12.5 Axes
 + Level 10.8 Armour
 + Level 10.9 Shields
 + Level 6.2 Spellcasting


You had 23 spell levels left.
You didn't know any spells.
Your spell library contained the following spells:

 Spells                   Type           Power      Damage    Failure   Level
 Kiss of Death            Conj/Necr      12%        2d6       21%         1
 Magic Dart               Conj           12%        1d3       21%         1
 Call Imp                 Summ           6%         N/A       30%         2
 Ensorcelled Hibernation  Hex/Ice        6%         N/A       30%         2
 Passwall                 Tmut/Erth      2%         N/A       30%         2
 Scorch                   Fire           6%         2d5       30%         2
 Dazzling Flash           Conj/Hex       6%         N/A       52%         3
 Mephitic Cloud           Conj/Pois/Air  3%         N/A       52%         3
 Portal Projectile        Hex/Tloc       6%         N/A       52%         3
 Swiftness                Air            3%         N/A       52%         3
 Tukima's Dance           Hex            3%         N/A       52%         3
 Vhi's Electric Charge    Tloc/Air       6%         N/A       52%         3
 Flame Wave               Conj/Fire      3%         2d5       90%         4
 Agony                    Necr           3%         N/A       99%         5
 Arcjolt                  Conj/Air       1%         1d11      99%         5
 Blade Hands              Tmut           1%         N/A       99%         5
 Iskenderun's Battlesphe  Conj           3%         2d6       99%         5
 Silence                  Hex/Air        1%         N/A       99%         5
 Iron Shot                Conj/Erth      1%         9d1       100%        6
 Plasma Beam              Fire/Air       1%         2x1d12    100%        6
 Summon Cactus Giant      Summ           1%         N/A       100%        6
 Malign Gateway           Summ/Tloc      1%         N/A       100%        7
 Spellforged Servitor     Conj/Summ      1%         N/A       100%        7
 Summon Horrible Things   Summ           1%         N/A       100%        8


Dungeon Overview and Level Annotations

Branches:
Dungeon (12/15)            Temple (0/1) D:7            Lair (0/5) D:10
    Orc (0/2) D:11

Altars:
Cheibriados
Elyvilon
Fedhas
Hepliaklqana
Kikubaaqudgha
Qazlal
Ru
Sif Muna
Xom
Yredelemnul
Beogh

Shops:
D:1 *

Annotations:
D:12 Kirke


Innate Abilities, Weirdness & Mutations

You are a filthy swine.
You move quickly.
Your equipment is almost entirely melded.
You are incapable of wielding weapons or throwing items.
You cannot cast spells.
You can walk on water.
((Your flesh is cold resistant. (rC+)))
((Your flesh is heat resistant. (rF+)))
You are strong-willed. (Will+)
You occasionally shout uncontrollably at your foes.


Message History

Kirke is moderately wounded.
You slash the yak! You freeze the yak.
Kirke mumbles some strange words.
Kirke summons a manticore!
The yak gores you.
You slash Kirke! You freeze Kirke.
Kirke is heavily wounded.
You slash the manticore! You freeze the manticore. You hit the yak.
You freeze the yak. Kirke gestures at you while chanting.
You turn into a filthy swine.
Your +2 war axe of freezing melds into your body.
Your +0 cloak melds into your body.
Your +2 helmet melds into your body.
Your +0 pair of gloves melds into your body.
Your +0 kite shield melds into your body.
Your +0 plate armour melds into your body.
The ring "Zionyinu" {rN+ Str+6} melds into your body.
Your ring of poison resistance melds into your body.
Your +2 war axe of freezing stops glowing.
You feel weaker. The yak gores you!
As you read the scroll of silence, it crumbles to dust.
A profound silence engulfs you. The manticore barely misses you.
The manticore claws you! x2; Kirke hits you!
The yak misses you.
You bite the manticore!
The manticore is heavily wounded.
The manticore misses you. The manticore claws you. The manticore claws you!
* * * LOW HITPOINT WARNING * * *
Kirke misses you. The yak gores you.
* * * LOW HITPOINT WARNING * * *
You hit Kirke.
Kirke is heavily wounded.
The manticore barely misses you. The manticore closely misses you. x2
Unknown command.
You bite Kirke!
Kirke is severely wounded.
Kirke seems less brilliant.
Kirke barely misses you. The yak barely misses you. The manticore bites you!!
* * * LOW HITPOINT WARNING * * *
The manticore barely misses you. The manticore claws you!
You die...

##............###
.......>.....^...
.###..............
?.......[[.......
................{
.#.####..........
....##.†..[.....
...)..@HY.......
.##..#.h........
###............
................
....##.........>
.##. #..[....... )
............ #
..#.[..$.....
#..............
#.c............


You could see Kirke, a manticore (summoned, unsilenced) and a yak.

Vanquished Creatures
  Nessos (D:11)
  Fannar (D:10)
  A two-headed ogre (D:11)
  A boulder beetle (D:10)
  The ghost of BlueFalcon the Tainter, a novice DrVM of Vehumet (D:10)
  A deep elf pyromancer (D:12)
  An ugly thing (D:7)
  4 manticores
  2 gargoyles
  An unseen horror (D:11)
  A komodo dragon (D:10)
  Prince Ribbit (D:6)
  3 trolls
  4 shadows
  3 wraiths
  25 yaks
  Eustachio (D:4)
  4 hogs (D:11)
  2 steam dragons
  A water moccasin (D:6)
  6 orc warriors
  2 sky beasts
  A swamp drake (D:11)
  2 ice beasts
  4 ogres
  4 centaurs (D:11)
  A phantom (D:6)
  A kobold brigand (D:9)
  3 bullfrogs
  2 gnoll sergeants
  4 scorpions
  4 wights (D:9)
  11 killer bees
  3 electric eels (D:9)
  3 howler monkeys (D:9)
  2 gnoll boudas
  4 hounds
  5 orc priests
  A jelly (D:8)
  5 iguanas
  7 orc wizards
  14 gnolls
  5 adders
  2 white imps
  A dart slug (D:1)
  29 orcs
  9 ball pythons
  6 endoplasms
  5 giant cockroaches
  4 goblins
  6 hobgoblins
  16 jackals
  A quokka (D:2)
  4 bats (D:1)
  5 frilled lizards
  11 kobolds
  2 rats
254 creatures vanquished.

Vanquished Creatures (collateral kills)
  A boulder beetle (D:11)
  A two-headed ogre (D:9)
  A gargoyle (D:11)
  Psyche (D:12)
  A wraith (D:10)
  4 yaks (D:11)
  An orc warrior (D:11)
  3 centaurs (D:11)
  A wight (D:9)
  2 orc priests
  An orc wizard (D:11)
  A gnoll (D:10)
  2 orcs (D:10)
20 creatures vanquished.

Vanquished Creatures (others)
  An orc knight (D:12)
  An orc sorcerer (D:10)
  A vampire (D:11)
  2 orc warriors (D:10)
  3 orc priests
  An orc wizard (D:5)
  23 orcs
  14 plants
46 creatures vanquished.

Grand Total: 320 creatures vanquished

Notes
Turn   | Place    | Note
-------+----------+-------------------------------------------
     0 | D:1      | Pimp the Hill Orc Fighter began the quest for the Orb.
     0 | D:1      | Reached XP level 1. HP: 19/19 MP: 1/1
    62 | D:1      | Reached skill level 3 in Axes
    62 | D:1      | Reached XP level 2. HP: 16/27 MP: 2/2
   543 | D:1      | Reached XP level 3. HP: 33/33 MP: 3/3
   758 | D:1      | Found Wakk's Assorted Antiques.
  1248 | D:2      | Found a faded altar of an unknown god.
  1256 | D:2      | Got Plato's Grimoire of Blasting
  1271 | D:2      | Found a stormy altar of Qazlal.
  1981 | D:3      | Reached XP level 4. HP: 40/40 MP: 4/4
  1982 | D:3      | Found a snail-covered altar of Cheibriados.
  2086 | D:3      | Found a shimmering blue altar of Sif Muna.
  2185 | D:3      | Found a hazy altar of Hepliaklqana.
  2296 | D:3      | Found a basalt altar of Yredelemnul.
  2738 | D:4      | Noticed a scorpion
  2749 | D:3      | Killed a scorpion
  2750 | D:3      | Reached skill level 4 in Axes
  2750 | D:3      | Reached XP level 5. HP: 44/47 MP: 5/5
  3038 | D:4      | Identified the ring "Zionyinu" {rN+ Str+6}
  3291 | D:4      | Noticed Eustachio
  3312 | D:4      | Killed Eustachio
  3313 | D:4      | Reached skill level 5 in Fighting
  3313 | D:4      | Reached skill level 5 in Axes
  3313 | D:4      | Reached XP level 6. HP: 30/56 MP: 6/6
  3486 | D:5      | Entered Level 5 of the Dungeon
  3488 | D:5      | Became a worshipper of Beogh the Brigand
  3518 | D:5      | Reached skill level 5 in Armour
  3568 | D:5      | Reached skill level 5 in Shields
  3568 | D:5      | Reached XP level 7. HP: 38/61 MP: 7/7
  3846 | D:5      | Found a shimmering altar of Xom.
  3849 | D:5      | Found an ancient bone altar of Kikubaaqudgha.
  3920 | D:5      | Found a blossoming altar of Fedhas.
  4061 | D:6      | Reached skill level 6 in Axes
  4173 | D:6      | Noticed Prince Ribbit
  4196 | D:6      | Killed Prince Ribbit
  4197 | D:6      | Reached XP level 8. HP: 63/71 MP: 8/8
  4414 | D:6      | Reached * piety under Beogh
  4501 | D:6      | Reached skill level 7 in Axes
  4524 | D:6      | Found a stormy altar of Qazlal.
  4705 | D:6      | Reached skill level 1 in Spellcasting
  4989 | D:6      | Identified a scroll of acquirement
  4989 | D:6      | Acquired 1013 gold pieces
  5114 | D:7      | Acquired 882 gold pieces
  5340 | D:7      | Reached XP level 9. HP: 64/79 MP: 11/11
  5918 | D:7      | Reached skill level 8 in Axes
  5935 | D:7      | Found a staircase to the Ecumenical Temple.
  5981 | D:7      | Noticed a brown ugly thing
  5998 | D:7      | Killed a brown ugly thing
  5999 | D:7      | Found a faded altar of an unknown god.
  5999 | D:7      | Found the Hermit's Pendant {Faith Invo=14 Evo=0 MP+5}
  6457 | D:8      | Reached ** piety under Beogh
  6934 | D:8      | Reached skill level 9 in Axes
  6934 | D:8      | Reached XP level 10. HP: 39/90 MP: 20/20
  8591 | D:9      | Noticed a two-headed ogre
  8851 | D:9      | Reached *** piety under Beogh
  8979 | D:9      | Found a white marble altar of Elyvilon.
  9332 | D:9      | Killed a two-headed ogre
  9333 | D:9      | Reached skill level 10 in Axes
  9733 | D:9      | Reached XP level 11. HP: 99/99 MP: 21/21
  9795 | D:10     | Entered Level 10 of the Dungeon
  9808 | D:10     | Reached skill level 10 in Fighting
  9959 | D:10     | Found a staircase to the Lair.
 10315 | D:10     | Noticed a boulder beetle
 10332 | D:10     | Killed a boulder beetle
 10377 | D:10     | Found a runed translucent door.
 10392 | D:10     | Noticed BlueFalcon's ghost (novice DrVM)
 10392 | D:10     | Found the +15 Maxwell's patent armour {-Cast -Tele rElec
                  | Will+ rCorr}
 10423 | D:10     | Killed BlueFalcon's ghost
 10424 | D:10     | Reached skill level 11 in Axes
 10699 | D:10     | Gained mutation: You occasionally shout uncontrollably at
                  | your foes. [potion of mutation]
 10699 | D:10     | Gained mutation: Your flesh is cold resistant. (rC+)
                  | [potion of mutation]
 10699 | D:10     | Gained mutation: Your flesh is heat resistant. (rF+)
                  | [potion of mutation]
 10699 | D:10     | Gained mutation: You are strong-willed. (Will+) [potion of
                  | mutation]
 10721 | D:10     | Noticed Fannar
 10773 | D:10     | Killed Fannar
 10774 | D:10     | Reached skill level 5 in Spellcasting
 11116 | D:10     | Found a roughly hewn altar of Beogh.
 11122 | D:10     | Reached **** piety under Beogh
 11419 | D:11     | Noticed a two-headed ogre
 11422 | D:11     | Found a sacrificial altar of Ru.
 11424 | D:11     | Killed a two-headed ogre
 11456 | D:11     | Reached skill level 10 in Shields
 11499 | D:11     | Noticed a boulder beetle
 11516 | D:11     | Noticed a manticore
 11520 | D:11     | Killed a boulder beetle
 11521 | D:11     | Reached skill level 10 in Armour
 11526 | D:11     | Killed a manticore
 11665 | D:11     | Noticed a manticore
 11677 | D:11     | Killed a manticore
 11799 | D:11     | Identified the +1 robe of Kojest {Str+3 Dex+3}
 11842 | D:11     | Reached XP level 12. HP: 86/110 MP: 22/22
 12132 | D:11     | Gained Ugbert as an ally
 12137 | D:11     | Reached skill level 12 in Axes
 12402 | D:11     | Found a staircase to the Orcish Mines.
 12832 | D:12     | Noticed Nessos
 12833 | D:12     | Noticed Psyche
 12919 | D:12     | Your ally Ugbert died
 12933 | D:12     | Killed Psyche
 12964 | D:11     | Killed Nessos
 13473 | D:12     | Noticed Kirke
 13483 | D:11     | Reached ***** piety under Beogh
 13614 | D:12     | HP: 2/112 [manticore[Kirke] (26)]
 13614 | D:12     | Mangled by a manticore

Illustrated notes

Levels and vault maps discovered:
D:1:      amcnicky_arrival_abandoned_market, layout_loops_ring, serial_shops,
          nicolae_diamond_shop
D:2:      layout_basic, shapermc_ecumenical_altar_rom_forum, basic_altar
D:3:      layout_loops_ring, mainiacjoe_overflow_small_starburst,
          nicolae_overflow_crystal_walls, cheibriados_altar_1,
          nzn_hepliaklqana_mist_gate
D:4:      layout_rooms, chequers_mini_garden, uniq_eustachio
D:5:      layout_cave_pools, fedhas_altar_fruit_tree,
          mainiacjoe_overflow_divided_tiny
D:6:      layout_gridville, mainiacjoe_overflow_chevrons, uniq_prince_ribbit1
D:7:      layout_basic, minmay_temple_entry_butterflies,
          hellmonk_guarded_unrand_hermit
D:8:      layout_layer_cave
D:9:      layout_grid_maze, nicolae_elyvilon_temple_path, serial_bayou_ford_a
D:10:     layout_roguey, david_lair_shrubbed, special_room [special_room_orc],
          ebering_ghost_reflecting_pool, statue_in_the_mist_lemuel,
          minmay_rotating_lava, uniq_fannar
D:11:     layout_loops_cross, erik_orc_1, nicolae_ru_awakened_eye
D:12:     layout_rooms, uniq_nessos, uniq_psyche, uniq_kirke

Skill      XL: |  1  2  3  4  5  6  7  8  9 10 11 12 |
---------------+-------------------------------------+-----
Axes           | 3 4 5 6 7 9 10 11 12 | 12.5
Fighting       | 4 5 6 7 8 9 11 | 11.8
Shields        | 4 5 6 7 9 10 | 10.9
Armour         | 4 5 6 7 9 10 | 10.8
Spellcasting   | 1 3 4 5 6 |  6.2

Action                     |  1- 3 |  4- 6 |  7- 9 | 10-12 || total
---------------------------+-------+-------+-------+-------++-------
  Melee: War axe           |   108 |   136 |   222 |   482 ||   948
         Unarmed           |       |       |       |     3 ||     3
 Invoke: Convert to Beogh  |       |     1 |       |       ||     1
    Use: Scroll            |       |    10 |     7 |    11 ||    28
         Potion            |       |       |     4 |    10 ||    14
   Stab: Distracted        |       |       |       |     5 ||     5
 Armour: Scale mail        |    85 |    40 |       |       ||   125
         Chain mail        |       |    35 |    31 |       ||    66
         Plate armour      |       |       |   147 |   364 ||   511
         Skin              |       |       |       |     2 ||     2
  Dodge: Dodged            |    78 |    59 |    80 |   162 ||   379
  Block: Buckler           |    29 |    28 |    50 |       ||   107
         Kite shield       |       |       |     9 |   321 ||   330

Table legend: (Time is in decaauts)
 A = Elapsed time spent in this place.
 B = Non-inter-level travel time spent in this place.
 C = Inter-level travel time spent in this place.
 D = Time resting spent in this place.
 E = Time spent auto-exploring this place.
 F = Levels seen in this place.
 G = Mean time per level.
                   A        B        C        D        E       F      G
               +--------+--------+--------+--------+--------+-----+--------+
         Total |  13784 |  13374 |    410 |   2801 |   8095 |  12 | 1148.7 |
       Dungeon |  13784 |  13374 |    410 |   2801 |   8095 |  12 | 1148.7 |
               +--------+--------+--------+--------+--------+-----+--------+

Top non-repeatable levels by time:
    D:11: 2091 daAuts
     D:8: 1752 daAuts
     D:9: 1737 daAuts
    D:10: 1619 daAuts
     D:7: 1460 daAuts
     D:2: 1139 daAuts
     D:6: 917 daAuts
     D:1: 871 daAuts
     D:3: 786 daAuts
     D:4: 767 daAuts
     D:5: 519 daAuts
    D:12: 120 daAuts
